 Dungeon Crawl Stone Soup version 0.31.0-11-ge490571c62 (webtiles) character file.

Game seed: 10490342154980559826

8171 Ijustatesigmund the Digger (level 11, -1/66 HPs)
             Began as a Gargoyle Earth Elementalist on Jan 26, 2024.
             Was a Believer of Vehumet.
             Slain by a two-headed ogre
             ... wielding a +0 giant club
              (25 damage)
             ... on level 10 of the Dungeon.
             The game lasted 00:29:15 (12680 turns).

Ijustatesigmund the Digger (GrEE)                  Turns: 12680, Time: 00:29:16

Health: -1/66      AC: 15    Str: 12    XL:     11   Next: 26%
Magic:  18/22      EV: 12    Int: 20    God:    Vehumet [**....]
Gold:   711        SH:  0    Dex: 13    Spells: 18/25 levels left

rFire   + . .        e - +3 morningstar
rCold   + . .        (no shield)
rNeg    + . .        a - +2 robe {rC+ rF+}
rPois   ∞            (no helmet)
rElec   +            (no cloak)
rCorr   .            n - +2 pair of gloves {Dex+3}
SInv    +            (no boots)
Will    .....        q - amulet of magic regeneration
Stlth   ++           B - ring of see invisible
HPRegen 0.31/turn    (no ring)
MPRegen 0.58/turn

%: no passive effects
@: no status effects
A: sickness immunity, AC +8, negative energy resistance 1, electricity
resistance, torment resistance 1, petrification resistance
a: Renounce Religion


You were on level 10 of the Dungeon.
You worshipped Vehumet.
Vehumet was pleased with you.
You visited 3 branches of the dungeon, and saw 13 of its levels.
You also visited: Sewer.

You collected 711 gold pieces.

Inventory:

Hand Weapons
 e - a +3 morningstar (weapon)
Armour
 a - a +2 robe of resistance (worn)
 n - a +2 pair of gloves of dexterity (worn)
Jewellery
 q - an amulet of magic regeneration (around neck)
 B - a ring of see invisible (left hand)
 D - a ring of protection from cold
Wands
 k - a wand of mindburst (7)
 m - a wand of paralysis (11)
 A - a wand of flame (29)
 E - a wand of polymorph (11)
Scrolls
 d - a scroll of immolation
 f - a scroll of revelation {unknown}
 g - 2 scrolls of blinking
 h - 5 scrolls of teleportation
 o - a scroll of enchant weapon
 t - a scroll of vulnerability
 w - a scroll of enchant armour
 x - a scroll of brand weapon {unknown}
 y - 2 scrolls of fog {unknown}
 z - a scroll of fear
 F - a scroll of butterflies {unknown}
 G - a scroll of acquirement {unknown}
Potions
 b - 4 potions of magic
 c - a potion of brilliance
 i - a potion of mutation
 j - 2 potions of degeneration
 l - a potion of resistance
 p - a potion of ambrosia
 r - 2 potions of lignification
 s - a potion of heal wounds
 u - 2 potions of curing
 v - a potion of enlightenment {unknown}
 C - 2 potions of cancellation {unknown}


   Skills:
 + Level 6.6 Fighting
 + Level 5.8 Maces & Flails
 - Level 1.5 Dodging
 - Level 2.1 Stealth
 + Level 7.6 Spellcasting
 - Level 6.3 Conjurations
 - Level 5.0 Air Magic
 - Level 7.8 Earth Magic
 - Level 5.0 Alchemy
 + Level 3.1 Evocations


You had 18 spell levels left.
You knew the following spells:

 Your Spells              Type           Power      Damage    Failure   Level
a - Sandblast             Erth           76%        2d16      1%          1
b - Stone Arrow           Conj/Erth      70%        3d11      1%          3
c - Mephitic Cloud        Conj/Alch/Air  29%        N/A       2%          3

Your spell library contained the following spells:

 Spells                   Type           Power      Damage    Failure   Level
 Momentum Strike          Conj/Tloc      40%        3d9       3%          2
 Mercury Vapours          Alch/Air       54%        N/A       1%          2
 Passwall                 Erth           38%        N/A       1%          3
 Brom's Barrelling Bould  Conj/Erth      35%        2d5       4%          4
 Petrify                  Alch/Erth      33%        N/A       6%          4
 Hailstorm                Conj/Ice       20%        3d7       8%          3
 Slow                     Hex            28%        N/A       9%          1
 Call Imp                 Summ           14%        N/A       14%         2
 Jinxbite                 Hex            14%        N/A       14%         2
 Scorch                   Fire           14%        2d5       14%         2
 Flame Wave               Conj/Fire      20%        2d7       24%         4
 Confusing Touch          Hex            7%         N/A       26%         3
 Sigil of Binding         Hex            7%         N/A       26%         3
 Summon Ice Beast         Ice/Summ       7%         N/A       26%         3
 Vampiric Draining        Necr           7%         2d6       26%         3
 Freezing Cloud           Conj/Ice/Air   11%        6-21      45%         5
 Yara's Violent Unravell  Hex/Alch       8%         3d5       65%         5
 Sculpt Simulacrum        Ice/Alch       8%         N/A       99%         6
 Summon Cactus Giant      Summ           3%         N/A       100%        6
 Enfeeble                 Hex            3%         N/A       100%        7
 Summon Hydra             Summ           3%         N/A       100%        7
 Sublimation of Blood     Necr           Unusable   N/A       N/A         2

Dungeon Overview and Level Annotations

Branches:
Dungeon (11/15)            Temple (1/1) D:5            Lair (1/5) D:10
    Orc (0/2) D:11          Sewer (visited)

Altars:
Ashenzari
Cheibriados
Dithmenos
Elyvilon
Fedhas
Gozag
Hepliaklqana
Kikubaaqudgha
Makhleb
Nemelex Xobeh
Okawaru
Qazlal
Ru
Sif Muna
Trog
Uskayaw
Vehumet
Wu Jian
Xom
Yredelemnul
Zin
The Shining One

Shops:
D:11 [

Annotations:
D:9 4 runed translucent doors, exclusion: obsidian statue, dakkaduck's ghost, journeyman MiBe
D:11 Psyche
Temple 2 transporters


Innate Abilities, Weirdness & Mutations

You are immune to sickness and miasma.
Your stone body is resilient. (AC +8)
You are immune to poison.
You resist negative energy. (rN+)
You are resistant to electric shocks. (rElec)
You are resistant to unholy torment.
You are immune to petrification.


Message History

Aim: a two-headed ogre, wielding a +0 giant spiked club and a +0 giant club (chance to affect: 53%)
The ball explodes into a vile cloud!
The stinking cloud engulfs the two-headed ogre.
The stinking cloud engulfs Psyche.
The stinking cloud engulfs you.
The stinking cloud engulfs the orc warrior.
The stinking cloud engulfs the two-headed ogre.
The two-headed ogre is lightly wounded.
You hear a shout!
The two-headed ogre is engulfed in noxious fumes.
The two-headed ogre closely misses you. The two-headed ogre misses you.
The orc warrior is engulfed in noxious fumes.
The orc warrior appears confused.
The two-headed ogre hits you but does no damage.
The two-headed ogre hits you with a +0 giant club.
Psyche is engulfed in noxious fumes.
Psyche appears confused.
Psyche cries.
Psyche hits the two-headed ogre with a +3 dagger of chaos!
Psyche hits herself with a +3 dagger of chaos.
The orc warrior is engulfed in noxious fumes.
The orc warrior appears confused.
The orc warrior gestures wildly.
The two-headed ogre is engulfed in noxious fumes.
The two-headed ogre appears confused.
The two-headed ogre is engulfed in noxious fumes.
The two-headed ogre barely misses you.
The two-headed ogre hits you with a +0 giant club.
You climb upwards.
There is a stone staircase leading down here.
Casting: Mephitic Cloud (dangerous; 2% risk of failure)
Confirm with . or Enter, or press ? or * to list all spells.
Aiming: Mephitic Cloud (dangerous; 2% risk of failure)
Press: ? - help, Shift-Dir - straight line, f - two-headed ogre
Aim: a two-headed ogre, wielding two +0 giant clubs (lightly wounded, chance to affect: 53%)
The ball explodes into a vile cloud!
The stinking cloud engulfs the two-headed ogre.
The two-headed ogre is lightly wounded.
The stinking cloud engulfs you.
The two-headed ogre is engulfed in noxious fumes.
The two-headed ogre hits you with a +0 giant club!! x2
You die...

###..#.#..#...#
#.##.###....#.##
#..#.#.###..#
#.#.## ##.......
#..#.#.####.#
#.##.###....###.
#.........#.#
#.....#.........
##.#.##.#.#.##
#.####.###.#####
#.#.#<......#
#.# ### #......
#.#.#.#####.#
#.# #######
####.#.#.#
#.###§#
#....#...#
#..@O.#
#.######.#
#.###☼# #.#
#.#####.# #.#
#.# #.......#
#.# #.#
####.#### #.#
#.# #.# #.# #.#
#.# #.# #.#####
#.# #.####
#.....#####.#
#....#


You could see a two-headed ogre.

Vanquished Creatures
  2 two-headed ogres
  A boulder beetle (D:11)
  An ugly thing (D:11)
  A gargoyle (D:11)
  A cane toad (Lair:1)
  A hornet (D:7)
  3 shadows
  3 yaks
  A wyvern (D:8)
  A steam dragon (D:8)
  3 water moccasins
  3 orc warriors
  2 ice beasts
  A black bear (D:7)
  3 centaurs
  An ogre (D:5)
  Blork the orc (D:4)
  5 kobold brigands
  2 bullfrogs
  3 scorpions
  2 gnoll sergeants
  12 wights
  3 killer bees (D:9)
  A howler monkey (D:9)
  3 hounds
  A gnoll bouda (D:3)
  3 jellies
  8 orc priests
  3 iguanas
  A sleepcap (D:5)
  13 orc wizards
  Terence (D:3)
  13 gnolls
  8 adders
  2 river rats (Sewer)
  A shadow imp (D:6)
  A white imp (D:6)
  A dart slug (D:3)
  2 ribbon worms
  29 orcs
  8 bats
  11 endoplasms
  3 giant cockroaches
  9 goblins
  8 hobgoblins
  15 jackals
  2 quokkas (D:3)
  14 ball pythons
  3 frilled lizards
  18 kobolds
  8 rats
246 creatures vanquished.

Notes
Turn   | Place    | Note
-------+----------+-------------------------------------------
     0 | D:1      | Ijustatesigmund the Gargoyle Earth Elementalist began the
                  | quest for the Orb.
     0 | D:1      | Reached XP level 1. HP: 10/10 MP: 3/3
   426 | D:1      | Reached XP level 2. HP: 16/16 MP: 3/5
   750 | D:1      | Reached skill level 1 in Fighting
   904 | D:1      | Reached XP level 3. HP: 20/20 MP: 2/6
   908 | D:1      | Learned a level 3 spell: Stone Arrow
  2113 | D:2      | Reached XP level 4. HP: 26/26 MP: 5/7
  3137 | D:3      | Noticed Terence
  3154 | D:3      | Killed Terence
  3252 | D:3      | Reached XP level 5. HP: 31/31 MP: 9/9
  3472 | D:3      | Found a shimmering blue altar of Sif Muna.
  3696 | D:4      | Reached skill level 5 in Earth Magic
  3705 | D:3      | Reached XP level 6. HP: 33/36 MP: 8/10
  3834 | D:4      | Noticed Blork the orc
  3840 | D:4      | Killed Blork the orc
  3841 | D:4      | Reached skill level 1 in Maces & Flails
  4126 | D:4      | Found a snail-covered altar of Cheibriados.
  4235 | D:5      | Entered Level 5 of the Dungeon
  4235 | D:5      | Found a staircase to the Ecumenical Temple.
  4262 | D:5      | Reached XP level 7. HP: 32/40 MP: 8/12
  4334 | D:5      | Found a glowing drain.
  4343 | Sewer    | Entered a sewer
  4468 | Sewer    | Learned a level 3 spell: Mephitic Cloud
  4563 | Sewer    | Reached skill level 1 in Air Magic
  4563 | Sewer    | Reached skill level 1 in Alchemy
  4830 | D:5      | Reached XP level 8. HP: 45/45 MP: 6/14
  4932 | Temple   | Found a transporter.
  4932 | Temple   | Found a transporter.
  4932 | Temple   | Found a transporter.
  4932 | Temple   | Found a transporter.
  4932 | Temple   | Entered the Ecumenical Temple
  4953 | Temple   | Became a worshipper of Vehumet
  5085 | D:5      | Found a hide-covered altar of Uskayaw.
  6424 | D:7      | Found a sacrificial altar of Ru.
  6463 | D:7      | Noticed a hornet
  6467 | D:7      | Killed a hornet
  6468 | D:7      | Reached skill level 5 in Conjurations
  6484 | D:7      | Reached XP level 9. HP: 38/49 MP: 10/16
  6567 | D:7      | Reached * piety under Vehumet
  6567 | D:7      | Offered knowledge of Shock by Vehumet.
  6899 | D:7      | Reached skill level 5 in Spellcasting
  8208 | D:8      | Reached skill level 5 in Air Magic
  8208 | D:8      | Reached skill level 5 in Alchemy
  8208 | D:8      | Reached XP level 10. HP: 50/54 MP: 4/18
  8540 | D:8      | Found the +5 woodcutter's axe
  8889 | D:9      | Offered knowledge of Static Discharge by Vehumet.
  8890 | D:9      | Reached ** piety under Vehumet
  9450 | D:9      | Found a runed translucent door.
  9491 | D:9      | Found a runed translucent door.
  9506 | D:9      | Noticed a two-headed ogre
  9530 | D:9      | Killed a two-headed ogre
  9752 | D:9      | Found a runed translucent door.
  9766 | D:9      | Found a runed translucent door.
  9790 | D:9      | Found a runed translucent door.
  9793 | D:9      | Noticed dakkaduck's ghost (journeyman MiBe)
 10318 | D:9      | Noticed an obsidian statue
 10510 | D:9      | Reached skill level 5 in Fighting
 10743 | D:10     | Entered Level 10 of the Dungeon
 10921 | D:10     | Reached skill level 1 in Evocations
 11291 | D:10     | Offered knowledge of Momentum Strike by Vehumet.
 11512 | D:10     | Found a staircase to the Lair.
 11556 | D:10     | Found a shimmering altar of Xom.
 11672 | D:10     | Found a glowing golden altar of the Shining One.
 11679 | D:10     | Found an ornate altar of the Wu Jian Council.
 11907 | Lair:1   | Entered Level 1 of the Lair of Beasts
 11907 | Lair:1   | Noticed a cane toad
 11910 | Lair:1   | Killed a cane toad
 11955 | D:11     | Noticed a red ugly thing
 11966 | D:11     | Killed a red ugly thing
 11967 | D:11     | Reached skill level 5 in Maces & Flails
 11967 | D:11     | Reached XP level 11. HP: 35/64 MP: 5/21
 12215 | D:11     | Noticed a boulder beetle
 12223 | D:11     | Killed a boulder beetle
 12519 | D:11     | Found Huaxyemn's Armour Shoppe.
 12519 | D:11     | Found a staircase to the Orcish Mines.
 12520 | D:11     | Noticed a two-headed ogre
 12520 | D:11     | Noticed an ogre mage
 12521 | D:11     | Noticed a two-headed ogre
 12521 | D:11     | Noticed a two-headed ogre
 12523 | D:11     | Noticed a two-headed ogre
 12530 | D:11     | Noticed Psyche
 12530 | D:11     | Killed a two-headed ogre
 12680 | D:10     | Slain by a two-headed ogre

Illustrated notes

Levels and vault maps discovered:
D:1:      dpeg_arrival_morbid_curiosity, layout_rooms, minmay_pentomino_z2
D:2:      layout_loops_corners, hangedman_abyss_or_decor_lesser_grid,
          st_stairs_12
D:3:      layout_loops_corners, led_sif_pool, uniq_terence
D:4:      layout_loops_ring, kennysheep_mini, uniq_blork_the_orc
D:5:      layout_loops_ring, mainiacjoe_overflow_boulevard,
          minmay_temple_entry_large_hall, portal_sewer_entry_b,
          grunt_decor_one_mirror
D:6:      layout_basic
D:7:      layout_loops_corners, mainiacjoe_overflow_alcove_4
D:8:      layout_loops_ring
D:9:      layout_irregular_city, hellmonk_ghost_happy_afterlife,
          minmay_statue_crystal_thing
D:10:     layout_loops_ring, mainiacjoe_overflow_small_starburst,
          grunt_temple_overflow_open, lair_entry_dummy, minmay_crystal_water
D:11:     layout_big_octagon, orc_david_3, uniq_psyche, uniq_maurice
Temple:   hellmonk_temple_divided_pantheon
Lair:1:   layout_roguey, minivault_23

Skill      XL: |  1  2  3  4  5  6  7  8  9 10 11 |
---------------+----------------------------------+-----
Fighting       | 1 2 6 |  6.6
Earth Magic    | 4 5 6 7 |  7.8
Conjurations   | 2 3 4 5 6 |  6.3
Spellcasting   | 3 4 5 7 |  7.6
Maces & Flails | 1 2 5 |  5.8
Air Magic      | 1 3 5 |  5.0
Alchemy        | 1 3 5 |  5.0
Evocations     | 2 3 |  3.1
Dodging        | |  1.5
Stealth        | |  2.1

Action                     |  1- 3 |  4- 6 |  7- 9 | 10-12 || total
---------------------------+-------+-------+-------+-------++-------
  Melee: Mace              |     6 |    19 |       |       ||    25
         Punch             |     1 |       |       |       ||     1
         Flail             |       |       |    52 |       ||    52
         Morningstar       |       |       |    13 |    46 ||    59
   Cast: Sandblast         |    59 |    84 |   100 |    16 ||   259
         Stone Arrow       |       |     2 |    71 |    67 ||   140
         Mephitic Cloud    |       |       |    15 |    20 ||    35
  Evoke: Wand              |       |       |       |     7 ||     7
    Use: Potion            |       |     4 |     3 |       ||     7
         Scroll            |       |       |    15 |     4 ||    19
   Stab: Invisible         |       |     2 |       |       ||     2
         Confused          |       |       |     1 |     1 ||     2
         Sleeping          |       |       |     1 |       ||     1
 Armour: Robe              |     5 |    37 |    96 |    70 ||   208
  Dodge: Dodged            |    13 |    53 |    91 |    46 ||   203
